 Dungeon Crawl Stone Soup version 0.29.1-12-g30fa7ad0bf (webtiles) character file.

Game seed: 606460226073730077

7 thatblackman the Grave Robber (level 1, -1/13 HPs)
             Began as a Vampire Necromancer on Jan 9, 2023.
             Slain by a gnoll
             ... wielding a +0 flail
              (3 damage)
             ... on level 1 of the Dungeon.
             The game lasted 00:04:12 (193 turns).

thatblackman the Grave Robber (Vampire Necromancer)  Turns: 193, Time: 00:04:13

Health: -1/13      AC:  5    Str:  7    XL:     1   Next: 83%
Magic:  2/3        EV: 10    Int: 17    God:
Gold:   26         SH:  0    Dex: 14    Spells: 3/4 levels left

rFire   . . .      SeeInvis +   g - +0 dagger
rCold   . . .      Faith    .   (no shield)
rNeg    . . .      Spirit   .   f - +0 ring mail
rPois   .          Reflect  .   (no helmet)
rElec   .          Harm     .   (no cloak)
rCorr   .          Rampage  .   (no gloves)
Will    .....                   (no boots)
Stlth   ++........              (no amulet)
HPRegen 0.24/turn               (no ring)
MPRegen 0.08/turn               (no ring)

@: healing quickly
A: alive, fangs 3, see invisible, vampiric 1
a: Exsanguinate


You were on level 1 of the Dungeon.
You visited 1 branch of the dungeon, and saw 1 of its levels.

You collected 26 gold pieces.

Inventory:

Hand Weapons
 e - a +0 short sword
 g - a +0 dagger (weapon)
Armour
 a - a +0 robe
 f - a +0 ring mail (worn)
Scrolls
 d - a scroll of magic mapping {unknown}
Potions
 b - a potion of magic
 c - a potion of attraction {unknown}


   Skills:
 + Level 2.3 Dodging
 + Level 3.0 Stealth
 + Level 2.0 Spellcasting
 + Level 4.7 Necromancy


You had 3 spell levels left.
You knew the following spells:

 Your Spells              Type           Power      Damage    Failure   Level
a - Necrotise             Necr           68%        1d7       10%         1

Your spell library contained the following spells:

 Spells                   Type           Power      Damage    Failure   Level
 Vampiric Draining        Necr           17%        2d7       28%         3
 Animate Dead             Necr           17%        N/A       67%         4
 Agony                    Necr           17%        N/A       95%         5


Dungeon Overview and Level Annotations

Branches:
Dungeon (1/15)

Altars:


Innate Abilities, Weirdness & Mutations

Your natural rate of healing is accelerated.
You have razor-sharp teeth.
You have supernaturally acute eyesight. (SInv)
You are afflicted with vampirism.


Message History

The gnoll shouts!
Casting: Necrotise (safe; 10% risk of failure)
Confirm with . or Enter, or press ? or * to list all spells.
Aiming: Necrotise (safe; 10% risk of failure)
Press: ? - help, Shift-Dir - straight line, f - gnoll
Aim: a gnoll, wielding a +0 flail (chance to affect: 81%)
You miscast Necrotise.
You are very lightly contaminated with residual magic.
Nothing appears to happen.
Casting: Necrotise (safe; 10% risk of failure)
Confirm with . or Enter, or press ? or * to list all spells.
You don't have enough magic to cast this spell.
Unknown command.
Things that are here:
12 gold pieces; a hobgoblin corpse You see here a giant cockroach corpse.
The gnoll hits you with a +0 flail.
Your magical contamination has completely faded away.
Things that are here:
a +0 club; a goblin corpse
Found a stone staircase leading down.
The gnoll attacks as you move away! The gnoll barely misses you.
The gnoll closely misses you. The gnoll closely misses you.
The gnoll hits you with a +0 flail. The gnoll attacks as you move away!
The gnoll closely misses you.
There is a stone staircase leading down here.
The gnoll barely misses you. The gnoll attacks as you move away!
The gnoll hits you with a +0 flail. The gnoll attacks as you move away!
The gnoll barely misses you. The gnoll hits you with a +0 flail.
The gnoll attacks as you move away! The gnoll hits you with a +0 flail.
* * * LOW HITPOINT WARNING * * *
You hit the gnoll.
The gnoll is lightly wounded.
The gnoll hits you with a +0 flail.
* * * LOW HITPOINT WARNING * * *
The gnoll closely misses you. The gnoll attacks as you move away!
The gnoll hits you with a +0 flail.
You die...

....## ###$#.#
#....#####.†.#.# #
#.......##.###.### .#
#...###....#.....##..##.
#....####.)#............
#......##..#.....# #
#...##.....#.>...##.#
#...##..........g...#
######.#.#......@.###
#...........##
##..........#
#..#.#....#.#
......##..#.... ###....
#........ ...#.#
.#....#### .#...
......... # ...###


You could see a gnoll.

Vanquished Creatures
  A giant cockroach (D:1)
  2 goblins (D:1)
  A hobgoblin (D:1)
  A bat (D:1)
  A rat (D:1)
6 creatures vanquished.

Notes
Turn   | Place    | Note
-------+----------+-------------------------------------------
     0 | D:1      | thatblackman the Vampire Necromancer began the quest for
                  | the Orb.
     0 | D:1      | Reached XP level 1. HP: 13/13 MP: 3/3
   193 | D:1      | Slain by a gnoll

Illustrated notes

Levels and vault maps discovered:
D:1:      dpeg_arrival_rooms_c, layout_rooms, minmay_misc_feat_five

Action                   || total
-------------------------++-------
Melee: Dagger            ||     9
       Short sword       ||     4
       Bite              ||     1
Throw: Stone             ||     1
 Cast: Necrotise         ||     6
Armor: Ring mail         ||     6
Dodge: Dodged            ||    16
